[Event "Titled Tuesday Blitz July 20 2021"]
[White "De Silva, L M S T"]
[Black "Ahmadzada, Ahmad"]
[WhiteFideId "9953698"]
[BlackFideId "13413007"]
[WhiteElo "1621"]
[BlackElo "2226"]
[Result "0-1"]
[Round "05"]
[TimeControl "180+1"]
[Date "2021.07.20"]
[WhiteClock "0:00:06"]
[BlackClock "0:00:21"]

1. e4 d5 2. exd5 Qxd5 3. Nc3 Qd8 4. Nf3 Nf6 5. d4 Bg4 6. Be2 e6 7. O-O Be7 8. h3 Bxf3 9. Bxf3 c6 10. Ne2 O-O 11. c3 Nbd7 12. Bf4 Nd5 13. Bh2 Qb6 14. Qd2 Rad8 15. Bxd5 cxd5 16. Nf4 Qc6 17. Nd3 b5 18. Rfe1 a5 19. Re3 Bg5 20. Bf4 Bxf4 21. Nxf4 Nf6 22. Rae1 Rb8 23. Re5 b4 24. Qd3 bxc3 25. bxc3 Rb2 26. Nh5 Ne8 27. R1e3 Qb5 28. Qxb5 Rxb5 29. Kh2 g6 30. Nf4 Nd6 31. Re2 Rc8 32. R5e3 Rb1 33. Rc2 Nb5 34. Rd3 Na3 35. Re2 Rc1 36. Rb2 R1xc3 37. Rxc3 Rxc3 38. Rb8+ Kg7 39. Rb7 Kf6 40. Rb6 Kf5 41. g3 Ke4 42. Rb7 g5 43. Nh5 Kxd4 44. Rxf7 Rc2 45. Kg2 Nc4 46. Rxh7 Rxa2 47. h4 gxh4 48. gxh4 Ne3+ 49. Kf3 Nf5 50. Nf4 e5 51. Ne6+ Kd3 52. h5 Ra1 53. Kg4 Nd4 54. Nxd4 Kxd4 55. Kf3 e4+ 56. Kg2 Rb1 57. h6 Rb6 58. Rh8 a4 59. h7 Rh6 60. Ra8 Rxh7 61. Rxa4+ Kc3 62. Ra3+ Kb4 63. Rg3 d4 64. Kf1 Kc4 65. Ke2 Ra7 66. Rg8 Ra2+ 67. Ke1 Kd3 68. Rg3+ e3 69. fxe3 dxe3 70. Kf1 Ra1+ 71. Kg2 Kd2 72. Rg8 e2 73. Rd8+ Kc3 74. Rc8+ Kd4 75. Rd8+ Kc5 76. Re8 e1=Q 0-1


[Site "https://www.chess.com"]

[Event "Titled Tuesday Blitz July 20 2021"]
[White "Derige Kane, Yan"]
[Black "Bartel, Mateusz"]
[WhiteFideId "20665431"]
[BlackFideId "1112635"]
[WhiteElo "2169"]
[BlackElo "2586"]
[Result "0-1"]
[Round "05"]
[TimeControl "180+1"]
[Date "2021.07.21"]
[WhiteClock "0:00:02"]
[BlackClock "0:00:57"]

1. d4 Nf6 2. Bg5 b6 3. Bxf6 exf6 4. e4 g6 5. h4 h5 6. c3 Bg7 7. Nd2 O-O 8. g4 hxg4 9. Qxg4 d5 10. Qg3 dxe4 11. h5 Qd6 12. Qe3 Re8 13. hxg6 fxg6 14. Bc4+ Be6 15. O-O-O Bxc4 16. Nxc4 Qd5 17. b3 a5 18. Ne2 a4 19. Nf4 Qf5 20. b4 Nd7 21. Rdg1 Nf8 22. Qg3 Kf7 23. Ne3 Qg5 24. Qxg5 fxg5 25. Rxg5 Rad8 26. Rhg1 Rd6 27. Ng4 Nh7 28. Ne5+ Bxe5 29. Rxe5 g5 30. Rxe8 Kxe8 31. Nd5 Rxd5 32. Rg4 Nf6 33. Rg3 Rf5 0-1


[Site "https://www.chess.com"]

[Event "Titled Tuesday Blitz July 20 2021"]
[White "Derraugh, Geordie"]
[Black "Vlassov, Nikolai"]
[WhiteFideId "2603950"]
[BlackFideId "4103360"]
[WhiteElo "2132"]
[BlackElo "2407"]
[Result "0-1"]
[Round "05"]
[TimeControl "180+1"]
[Date "2021.07.21"]
[WhiteClock "0:00:02"]
[BlackClock "0:00:43"]

1. e4 Nc6 2. Nf3 d5 3. exd5 Qxd5 4. Nc3 Qa5 5. d4 Bg4 6. Be2 O-O-O 7. Be3 Nf6 8. O-O e5 9. Nb5 a6 10. a4 Bxf3 11. Bxf3 Nxd4 12. Bxd4 exd4 13. c3 axb5 14. axb5 Qxb5 15. Ra8+ Kd7 16. Qxd4+ Bd6 17. Bg4+ Nxg4 18. Qxg4+ f5 19. Qxg7+ Kc6 20. Rxd8 Rxd8 21. c4 Qe5 22. Qh6 Rg8 23. g3 Qxb2 24. Qxh7 Rf8 25. Rd1 Qc2 26. Rd4 Ra8 27. Kg2 Ra2 0-1


[Site "https://www.chess.com"]

[Event "Titled Tuesday Blitz July 20 2021"]
[White "Diaz Perez, Michel Alejandro"]
[Black "Boidiya, Sidi"]
[WhiteFideId "3517179"]
[BlackFideId "19600100"]
[WhiteElo "2337"]
[BlackElo "2113"]
[Result "0-1"]
[Round "05"]
[TimeControl "180+1"]
[Date "2021.07.21"]
[WhiteClock "0:00:15"]
[BlackClock "0:00:03"]

1. e4 c5 2. Nf3 e6 3. d4 cxd4 4. Nxd4 Nf6 5. Nc3 Bb4 6. e5 Nd5 7. Bd2 Nxc3 8. bxc3 Be7 9. Qg4 Kf8 10. Bd3 d6 11. exd6 Qxd6 12. O-O Nc6 13. Rad1 Ne5 14. Qe2 Nxd3 15. cxd3 Bd7 16. Rfe1 Bf6 17. Be3 Rc8 18. Rc1 a6 19. Qf3 Bc6 20. Nxc6 Qxc6 21. Qf4 Ke7 22. Qb4+ Kd7 23. c4 Rhd8 24. d4 Be7 25. Qb1 g6 26. d5 exd5 27. cxd5 Qb5 28. Qe4 Bd6 29. Qg4+ f5 30. Qd4 Rxc1 31. Rxc1 Re8 32. g3 Be5 33. Qd2 Rc8 34. Rd1 Qb2 35. Qa5 Qb5 36. Qe1 Rc2 37. Bg5 Qe2 38. Qxe2 Rxe2 39. h4 Rxa2 40. h5 Ra1 41. Rxa1 Bxa1 42. h6 Be5 0-1


[Site "https://www.chess.com"]

[Event "Titled Tuesday Blitz July 20 2021"]
[White "Wagner, Dinara"]
[Black "Lovkov, Roman"]
[WhiteFideId "24157570"]
[BlackFideId "4157389"]
[WhiteElo "2260"]
[BlackElo "2387"]
[Result "1-0"]
[Round "05"]
[TimeControl "180+1"]
[Date "2021.07.21"]
[WhiteClock "0:00:10"]
[BlackClock "0:00:04"]

1. d4 Nf6 2. c4 g6 3. Nf3 Bg7 4. g3 d5 5. cxd5 Nxd5 6. Bg2 Nb6 7. O-O Nc6 8. e3 O-O 9. Nc3 e5 10. d5 Na5 11. e4 c6 12. Re1 cxd5 13. exd5 Re8 14. Rb1 Nac4 15. b3 Nd6 16. Ba3 e4 17. Nd4 f5 18. Rc1 Nf7 19. Ne6 Bxe6 20. dxe6 Rxe6 21. Nb5 Qxd1 22. Rexd1 Rc6 23. Rxc6 bxc6 24. Nc7 Rd8 25. Rc1 Rd2 26. Ne6 Rxa2 27. Bb4 Ra1 28. Rxa1 Bxa1 29. Bf1 Ne5 30. Bc5 Kf7 31. Nd8+ Kf6 32. Ba6 Nf3+ 33. Kg2 Bd4 34. Bf8 c5 35. Nc6 Nd5 36. Bc4 Nc3 37. h4 Ne5 38. Nxe5 Kxe5 39. Bg7+ Kd6 40. Bf8+ Kc6 41. Bg8 e3 42. fxe3 Bxe3 43. Bxh7 g5 44. hxg5 Bxg5 45. Bxf5 a5 46. Kf3 Kd5 47. Bc2 Nb5 48. Bd1 Nd4+ 49. Kg4 Bd2 50. Kh5 Ke6 51. g4 Bb4 52. g5 Kf7 53. Bd6 Nf5 54. Be5 Ke6 55. Bb2 Bd2 56. Bg4 Be3 57. g6 Bd4 58. Bxd4 cxd4 59. Bxf5+ Kf6 60. Bd3 Kg7 61. Kg4 1-0


[Site "https://www.chess.com"]

[Event "Titled Tuesday Blitz July 20 2021"]
[White "Florescu, Codrut-Constantin"]
[Black "Roman, Rodrigo"]
[WhiteFideId "1202200"]
[BlackFideId "3701220"]
[WhiteElo "2243"]
[BlackElo "2043"]
[Result "0-1"]
[Round "05"]
[TimeControl "180+1"]
[Date "2021.07.21"]
[WhiteClock "0:00:34"]
[BlackClock "0:02:06"]

1. d4 a6 2. e4 b5 3. Nf3 Bb7 4. Bd3 Nf6 5. Qe2 e6 6. a4 b4 7. c4 bxc3 8. Nxc3 Be7 9. h4 d5 10. e5 Nfd7 11. Ng5 Nc6 12. Be3 Nxd4 13. Bxd4 c5 14. Qf3 Bxg5 15. hxg5 cxd4 16. g6 Nxe5 17. gxf7+ Kf8 18. Qe2 Nxd3+ 19. Qxd3 dxc3 20. bxc3 Rc8 21. Rxh7 Rxh7 22. Qxh7 Kxf7 23. Kf1 Qf6 24. Kg1 d4 25. Rb1 Bd5 26. c4 Rxc4 27. f3 Qg6 0-1


[Site "https://www.chess.com"]

[Event "Titled Tuesday Blitz July 20 2021"]
[White "Garcia Ramos, Daniel"]
[Black "Petriashvili, Nikoloz"]
[WhiteFideId "32010311"]
[BlackFideId "13611216"]
[WhiteElo "2321"]
[BlackElo "2430"]
[Result "0-1"]
[Round "05"]
[TimeControl "180+1"]
[Date "2021.07.20"]
[WhiteClock "0:00:08"]
[BlackClock "0:01:32"]

1. c4 Nf6 2. Nf3 e6 3. g3 d5 4. Bg2 Be7 5. O-O O-O 6. b3 b6 7. Bb2 Bb7 8. cxd5 Nxd5 9. Nc3 Bf6 10. Rc1 c5 11. Qc2 Nc6 12. Nxd5 Bxb2 13. Qxb2 Qxd5 14. Ne5 Qxe5 15. Qxe5 Nxe5 16. Bxb7 Rad8 17. d3 Rd7 18. Bg2 Rfd8 19. Rc3 f5 20. Rfc1 a5 21. a3 Rd4 22. f4 Ng4 23. Bf3 Nf6 24. Kf2 h6 25. Rc4 g5 26. Rxd4 Rxd4 27. Rc4 gxf4 28. gxf4 Kf7 29. Ke3 Rxc4 30. bxc4 Ke7 31. Kd2 Kd6 32. e4 fxe4 33. dxe4 e5 34. Ke3 Ke6 35. Bd1 Ne8 36. Kf3 Nd6 37. a4 Kf6 38. Be2 Nf7 39. Kg4 exf4 40. Kxf4 Ne5 41. Bf1 h5 42. Be2 Ng6+ 43. Kg3 Kg5 44. h4+ Nxh4 45. e5 Nf5+ 46. Kf2 Nd4 47. Bd3 Kf4 48. Kg2 Kxe5 49. Kh3 Kf4 50. Kh4 Nf3+ 51. Kxh5 Ne5 52. Bf1 Ke4 53. Kg5 Kd4 54. Kf5 Nxc4 55. Ke6 Nb2 56. Bb5 c4 57. Kd6 c3 58. Kc6 c2 59. Kxb6 c1=Q 60. Kxa5 Qc7+ 61. Kb4 Qc3# 0-1


[Site "https://www.chess.com"]

[Event "Titled Tuesday Blitz July 20 2021"]
[White "Gelman, Alexander"]
[Black "Chigaev, Maksim"]
[WhiteFideId "4118316"]
[BlackFideId "4108116"]
[WhiteElo "2375"]
[BlackElo "2646"]
[Result "1-0"]
[Round "05"]
[TimeControl "180+1"]
[Date "2021.07.20"]
[WhiteClock "0:00:05"]
[BlackClock "0:00:04"]

1. d4 g6 2. Nc3 Bg7 3. e4 d6 4. f4 Nf6 5. Nf3 Nc6 6. e5 Nd7 7. h4 Nb6 8. h5 dxe5 9. fxe5 Bg4 10. h6 Bf8 11. Be3 Nd5 12. Bf2 e6 13. Be2 Be7 14. Qd2 f5 15. exf6 Bxf6 16. Ne4 Bf5 17. Nxf6+ Nxf6 18. Bh4 O-O 19. O-O-O Qd5 20. c4 Qe4 21. Bd3 Qg4 22. Bxf6 Rxf6 23. Rh4 Qg3 24. Bxf5 Rxf5 25. Re4 Qd6 26. Rde1 Rf6 27. Ng5 Raf8 28. Rxe6 Qd8 29. d5 Rf2 30. Qe3 Nb4 31. Re7 Qxe7 32. Qxe7 Nd3+ 33. Kb1 Rxb2+ 34. Ka1 1-0


[Site "https://www.chess.com"]

[Event "Titled Tuesday Blitz July 20 2021"]
[White "Goltsev, Dmitry"]
[Black "Bartel, Michal"]
[WhiteFideId "24176710"]
[BlackFideId "1119257"]
[WhiteElo "2366"]
[BlackElo "2271"]
[Result "1/2-1/2"]
[Round "05"]
[TimeControl "180+1"]
[Date "2021.07.21"]
[WhiteClock "0:00:30"]
[BlackClock "0:01:27"]

1. e4 e5 2. Nf3 Nc6 3. Bb5 g6 4. O-O Bg7 5. c3 d6 6. d4 Bd7 7. d5 Nce7 8. Bxd7+ Qxd7 9. Nbd2 h6 10. Ne1 f5 11. f3 Nf6 12. Nd3 O-O 13. Qe2 g5 14. c4 b6 15. b4 a5 16. b5 g4 17. Nf2 gxf3 18. Nxf3 Ng6 19. exf5 Qxf5 20. Be3 Nf4 21. Bxf4 Qxf4 22. Rae1 Rf7 23. g3 Qf5 24. Nh4 Qd7 25. Ne4 Nxe4 26. Qxe4 Raf8 27. Ng6 Rxf1+ 28. Rxf1 Rxf1+ 29. Kxf1 Qh3+ 30. Kg1 Bf6 31. Qf3 Kg7 32. Nf8 Kxf8 33. Qxf6+ Ke8 34. a3 h5 35. Qg5 Qg4 36. Qh6 Kd7 37. Kg2 Qxc4 38. Qe6+ Kd8 39. Qg8+ Kd7 40. Qe6+ Kd8 41. Kh3 Qxb5 42. Kh4 Qe2 43. Qg8+ Kd7 44. Qe6+ Kd8 45. Qg8+ Kd7 46. Qe6+ Kd8 1/2-1/2


[Site "https://www.chess.com"]

[Event "Titled Tuesday Blitz July 20 2021"]
[White "Gontcharov, Vladislav"]
[Black "Buscar, Michael"]
[WhiteFideId "4123492"]
[BlackFideId "2603616"]
[WhiteElo "2503"]
[BlackElo "2010"]
[Result "1-0"]
[Round "05"]
[TimeControl "180+1"]
[Date "2021.07.21"]
[WhiteClock "0:00:31"]
[BlackClock "0:00:01"]

1. e4 c5 2. Nf3 Nc6 3. d4 cxd4 4. Nxd4 Nf6 5. Nc3 e5 6. Ndb5 h6 7. a4 d6 8. Be2 Be7 9. Be3 O-O 10. O-O Be6 11. Bf3 Qd7 12. Nd5 Bd8 13. Nxf6+ Bxf6 14. Qxd6 Nd4 15. Qxd7 Nxf3+ 16. gxf3 Bxd7 17. Rfd1 Be6 18. Nxa7 Bc4 19. Kg2 Bh4 20. b3 Ba6 21. c4 f5 22. Rd5 fxe4 23. fxe4 Rf6 24. Rad1 Rg6+ 25. Kf1 Kh7 26. Rd6 Bf6 27. Nb5 1-0


[Site "https://www.chess.com"]

[Event "Titled Tuesday Blitz July 20 2021"]
[White "Grabinsky, Aaron"]
[Black "Le, Tuan Minh"]
[WhiteFideId "2087090"]
[BlackFideId "12401153"]
[WhiteElo "2353"]
[BlackElo "2450"]
[Result "1/2-1/2"]
[Round "05"]
[TimeControl "180+1"]
[Date "2021.07.20"]
[WhiteClock "0:00:04"]
[BlackClock "0:00:09"]

1. b3 d5 2. Bb2 Nf6 3. e3 c6 4. Nf3 Bg4 5. Be2 e6 6. h3 Bh5 7. c4 Nbd7 8. cxd5 exd5 9. d3 Bd6 10. O-O O-O 11. Nbd2 Re8 12. a3 a5 13. Re1 h6 14. Qc2 Bg6 15. Bf1 Qe7 16. Qc3 Qf8 17. Qc2 Bh7 18. Qc3 Nc5 19. Nd4 Nfd7 20. N2f3 Ne5 21. Nxe5 Bxe5 22. Qc2 Bc7 23. Nf3 Qd6 24. Qc3 Ne6 25. Rac1 Red8 26. Qc2 Qe7 27. Qd2 Bd6 28. Ra1 Qc7 29. Qc2 Qb6 30. Qc3 Bf8 31. Qc2 Qc5 32. Qd1 Qb6 33. Nd4 Nc5 34. Qc2 Re8 35. Rec1 Nd7 36. Nf3 Bg6 37. Bd4 Qd8 38. Bb2 Bh5 39. Be2 Bxf3 40. Bxf3 Be7 41. Be2 Bf6 42. Bxf6 Qxf6 43. d4 Qd6 44. Bd3 Re7 45. Qc3 h5 46. b4 axb4 47. axb4 Rd8 48. b5 cxb5 49. Bxb5 Nf6 50. Bd3 g6 51. Qc5 Kg7 52. Qxd6 Rxd6 53. Rab1 b6 54. Rb5 Ra7 55. Rcb1 Nd7 56. Kf1 Ra3 57. Be2 Kf6 58. g3 Ke6 59. Kg2 Ra2 60. Bf3 Ra5 61. R5b3 Rc6 62. R1b2 Rc1 63. Rb5 Nf6 64. Rxb6+ Ke7 65. Rb7+ Kf8 66. R2b6 Ne4 67. Bxe4 dxe4 68. Rf6 Raa1 69. Rfxf7+ Kg8 70. Rg7+ Kf8 71. Rgf7+ Kg8 72. g4 h4 73. Rg7+ Kf8 74. Rgf7+ Kg8 75. Rg7+ Kf8 76. Rgf7+ Kg8 1/2-1/2


[Site "https://www.chess.com"]

[Event "Titled Tuesday Blitz July 20 2021"]
[White "GrafLermontov"]
[Black "Tristan, Leonardo"]
[BlackFideId "113816"]
[WhiteElo "2551"]
[BlackElo "2404"]
[Result "1-0"]
[Round "05"]
[TimeControl "180+1"]
[Date "2021.07.21"]
[WhiteClock "0:00:10"]
[BlackClock "0:00:06"]

1. d4 d5 2. c4 e6 3. Nc3 a6 4. cxd5 exd5 5. Nf3 Nf6 6. Bf4 c5 7. e3 c4 8. Be2 b5 9. O-O Bb7 10. Ne5 Be7 11. Bg3 O-O 12. f4 Nbd7 13. Bh4 Re8 14. Bf3 Ne4 15. Bxe7 Qxe7 16. Bxe4 dxe4 17. a3 Nb6 18. Qh5 Rad8 19. f5 f6 20. Ng4 Qf7 21. Qh4 Bc8 22. Rf4 Nd5 23. Nxd5 Rxd5 24. Raf1 a5 25. Nf2 Bxf5 26. Nxe4 Rxe4 27. Rxe4 g5 28. Rg4 h5 29. Rxf5 Rxf5 30. Rg3 c3 31. bxc3 Qc4 32. h3 Qf7 33. Qe4 Qg6 34. Qe7 g4 35. hxg4 hxg4 36. e4 Rh5 37. e5 Qg5 38. Qe6+ Kg7 39. Qxf6+ Qxf6 40. exf6+ Kxf6 41. Rxg4 Ke6 42. Re4+ Kd5 43. Re5+ Rxe5 44. dxe5 Kxe5 45. Kf2 Ke4 46. Ke2 Kd5 47. Kd3 Kc5 48. g4 Kd5 49. g5 Ke5 50. g6 Kf6 51. Kd4 Kxg6 52. Kc5 b4 53. cxb4 a4 54. b5 Kf6 55. Kc6 Ke7 56. Kc7 Ke6 57. b6 1-0


[Site "https://www.chess.com"]

[Event "Titled Tuesday Blitz July 20 2021"]
[White "Gurevich, Dmitry"]
[Black "Ljukin, Sergei"]
[WhiteFideId "2000407"]
[BlackFideId "14102200"]
[WhiteElo "2506"]
[BlackElo "2309"]
[Result "0-1"]
[Round "05"]
[TimeControl "180+1"]
[Date "2021.07.21"]
[WhiteClock "0:00:03"]
[BlackClock "0:00:04"]

1. d4 d5 2. c4 c6 3. cxd5 cxd5 4. Bg5 h6 5. Bh4 Nc6 6. Nc3 Qb6 7. Qd2 e6 8. e3 Be7 9. Bg3 Nf6 10. Bd3 O-O 11. Nge2 a6 12. O-O Qa5 13. a3 b5 14. Rfc1 b4 15. axb4 Qxb4 16. Ra4 Qb6 17. Ra2 Nb4 18. Na4 Qd8 19. Bc7 Qe8 20. Raa1 Nxd3 21. Qxd3 Bd7 22. Nb6 Bb5 23. Qd1 Ra7 24. Nc3 Rxc7 25. Ncxd5 Nxd5 26. Nxd5 Rxc1 27. Nxe7+ Qxe7 28. Rxc1 Qb4 29. Qc2 Bd7 30. Qc3 Rc8 31. Qe1 Qxe1+ 32. Rxe1 Rc2 33. Rb1 Bb5 34. h3 f5 35. b4 g5 36. f3 Re2 37. Rb3 Kf7 38. Rc3 Rb2 39. Rc7+ Kf6 40. e4 fxe4 41. fxe4 Rxb4 42. e5+ Kf5 43. Rf7+ Ke4 44. Rf6 Bc4 45. Rxh6 Kxd4 46. Rg6 Kxe5 47. Rxg5+ Kf6 48. Rg8 Bd5 49. Rf8+ Kg7 50. Rd8 Rb2 0-1


[Site "https://www.chess.com"]

[Event "Titled Tuesday Blitz July 20 2021"]
[White "Hamley, Ryan"]
[Black "FGHSMN"]
[WhiteFideId "30959497"]
[WhiteElo "2393"]
[BlackElo "2524"]
[Result "0-1"]
[Round "05"]
[TimeControl "180+1"]
[Date "2021.07.21"]
[WhiteClock "0:00:03"]
[BlackClock "0:00:06"]

1. d4 Nf6 2. Nf3 e6 3. Bf4 c5 4. e3 Nc6 5. Nbd2 d5 6. c3 Bd6 7. Bg3 O-O 8. Bd3 Qe7 9. O-O e5 10. dxe5 Nxe5 11. Nxe5 Bxe5 12. Bxe5 Qxe5 13. Nf3 Qe7 14. c4 dxc4 15. Bxc4 Bg4 16. Be2 Rfd8 17. Qc2 Rd7 18. Rac1 b6 19. h3 Bh5 20. a4 Rad8 21. a5 Ne4 22. axb6 axb6 23. Rfd1 Nd2 24. Rxd2 Rxd2 25. Nxd2 Bxe2 26. Nc4 Bd3 27. Qb3 Be4 28. Qxb6 Qg5 29. g3 Qd5 30. Kh2 h5 31. Qc7 Re8 32. Nd6 Ra8 33. Nxe4 Qxe4 34. Qxc5 Qf3 35. Rf1 h4 36. Qg5 hxg3+ 37. Qxg3 Qe2 38. Rg1 Qxb2 39. e4 Re8 40. Re1 g6 41. Kg2 Qd4 42. Qf3 Qe5 43. Re3 Rd8 44. Qg3 Qe6 45. h4 Kh7 46. Qg5 Rd4 47. Qf4 Ra4 48. f3 Ra5 49. Qg4 Ra2+ 50. Kg3 Qd6+ 51. f4 Qd2 52. Qf3 Qh2+ 53. Kg4 Rg2+ 0-1


[Site "https://www.chess.com"]

[Event "Titled Tuesday Blitz July 20 2021"]
[White "Hebden, Mark L"]
[Black "Timofeev, Artyom"]
[WhiteFideId "400084"]
[BlackFideId "4140419"]
[WhiteElo "2457"]
[BlackElo "2582"]
[Result "1/2-1/2"]
[Round "05"]
[TimeControl "180+1"]
[Date "2021.07.20"]
[WhiteClock "0:00:01"]
[BlackClock "0:00:09"]

1. d4 Nf6 2. Nf3 b6 3. Bg5 Bb7 4. Nbd2 g6 5. Bxf6 exf6 6. e4 Bh6 7. Bd3 O-O 8. O-O Nc6 9. c3 Ne7 10. Re1 d5 11. e5 fxe5 12. Nxe5 Qd6 13. Ndf3 Rae8 14. Qa4 a6 15. Qd7 Nc8 16. Qxd6 Nxd6 17. Nd7 Rxe1+ 18. Rxe1 Rd8 19. Nf6+ Kh8 20. h4 Bg7 21. Ng4 Kg8 22. Re7 Rc8 23. Ng5 h6 24. Nh3 Kf8 25. Re2 c5 26. dxc5 bxc5 27. h5 gxh5 28. Ne5 Rc7 29. Nf4 Ne4 30. Nf3 Nf6 31. Bf5 Re7 32. Kf1 Rxe2 33. Kxe2 Ke7 34. Nh4 Bf8 35. Bh3 Kd6 36. Nf5+ Kc6 37. Ng3 h4 38. Nf5 a5 39. f3 Ba6+ 40. Kd2 h5 41. Kc2 Bd6 42. Nd3 Bg3 43. Kd2 c4 44. Nc1 Kc5 45. Ne2 Bf2 46. Ned4 Bc8 47. Ke2 Bxf5 48. Nxf5 Bg3 49. Ke3 Ne8 50. Nxg3 hxg3 51. Kf4 h4 52. Kg4 d4 53. cxd4+ Kxd4 54. Kxh4 a4 55. a3 Nd6 56. Kxg3 c3 57. bxc3+ Kxc3 58. Bd7 Kb3 59. Kf4 Kxa3 60. Bxa4 Kxa4 61. Ke5 Nc4+ 62. Kf6 Ne3 63. g4 Kb5 64. Kxf7 Kc6 65. g5 Kd6 66. g6 Nf5 67. Kf6 Nh6 68. g7 Kd7 69. f4 Ke8 70. Kg6 Ng8 71. f5 Ne7+ 72. Kh7 Kf7 73. Kh8 Ng8 1/2-1/2


[Site "https://www.chess.com"]

[Event "Titled Tuesday Blitz July 20 2021"]
[White "Howell, David W L"]
[Black "Kretov, Evgenij"]
[WhiteFideId "410608"]
[BlackFideId "4167821"]
[WhiteElo "2643"]
[BlackElo "2400"]
[Result "1-0"]
[Round "05"]
[TimeControl "180+1"]
[Date "2021.07.20"]
[WhiteClock "0:00:35"]
[BlackClock "0:00:42"]

1. e4 c5 2. Nc3 Nc6 3. f4 g6 4. Nf3 Bg7 5. a3 e6 6. b4 cxb4 7. axb4 Nxb4 8. Ba3 Qb6 9. e5 Nd5 10. Ne4 Nge7 11. g3 f5 12. Nd6+ Kf8 13. c4 Nc7 14. d4 Ne8 15. Bg2 Nxd6 16. Bxd6 h6 17. Qd2 Kf7 18. O-O Qd8 19. Rfb1 a5 20. h4 Nc6 21. d5 Ne7 22. Nd4 Re8 23. Nb5 Rg8 24. Bc7 1-0


[Site "https://www.chess.com"]

[Event "Titled Tuesday Blitz July 20 2021"]
[White "Hryshchenko, Kamila"]
[Black "Gadimbayli, Abdulla"]
[WhiteFideId "14147491"]
[BlackFideId "13404938"]
[WhiteElo "1966"]
[BlackElo "2320"]
[Result "1/2-1/2"]
[Round "05"]
[TimeControl "180+1"]
[Date "2021.07.21"]
[WhiteClock "0:02:13"]
[BlackClock "0:02:42"]

1. e4 e5 2. Nf3 d5 3. Nxe5 Bd6 4. d4 dxe4 5. Bc4 Bxe5 6. Qh5 Qe7 7. Qxe5 Qxe5 8. dxe5 Nc6 9. Nc3 Nxe5 10. Bb3 Nf6 11. Bf4 Nc6 12. Nb5 O-O 13. Nxc7 Rb8 14. Nb5 Ra8 15. Nc7 Rb8 16. Nb5 Ra8 17. Nc7 1/2-1/2


[Site "https://www.chess.com"]

[Event "Titled Tuesday Blitz July 20 2021"]
[White "Ibrahimli, Murad"]
[Black "Siniauski, Artsiom"]
[WhiteFideId "13410229"]
[BlackFideId "13512269"]
[WhiteElo "2109"]
[BlackElo "2210"]
[Result "1/2-1/2"]
[Round "05"]
[TimeControl "180+1"]
[Date "2021.07.20"]
[WhiteClock "0:00:18"]
[BlackClock "0:00:03"]

1. Nf3 Nf6 2. g3 b6 3. Bg2 Bb7 4. O-O g6 5. c4 Bg7 6. Nc3 O-O 7. d3 d6 8. e4 Nbd7 9. Re1 e5 10. d4 exd4 11. Nxd4 Re8 12. f3 a5 13. Be3 Nc5 14. Qd2 Nfd7 15. b3 Ne5 16. Rad1 a4 17. Qc2 axb3 18. axb3 Ra3 19. Bc1 Ra1 20. Bb2 Ned3 21. Rxa1 Bxd4+ 22. Kf1 Nxb2 23. Qxb2 Qf6 24. Rac1 Nd3 25. Qd2 Nxc1 26. Rxc1 Bxe4 27. Nxe4 Rxe4 28. Rd1 Bc3 29. Qc2 Re8 30. f4 Bd4 31. Bf3 c5 32. Kg2 Kg7 33. Qd2 h5 34. h4 Re3 35. Re1 Qe6 36. Rxe3 Bxe3 37. Qe2 Kf6 38. Bd5 Qe7 39. Kf3 Bd4 40. Qxe7+ Kxe7 41. f5 Kf6 42. fxg6 fxg6 43. g4 Bc3 44. g5+ Kf5 45. Be4+ Ke5 46. Bxg6 Be1 47. Bxh5 Bxh4 48. Kg4 Be1 49. Bf7 Bd2 50. Bd5 Kd4 51. g6 Bh6 52. Bc6 Bf8 53. Ba4 Kc3 54. Kf5 Kb4 55. Ke6 b5 56. Bxb5 Kxb3 57. Kf7 Bh6 58. Ba6 Kc3 59. Ke6 Kd4 60. Kxd6 Bg7 61. Ke6 Bh6 62. Kf7 Ke5 63. g7 Bxg7 64. Kxg7 Kd6 65. Kf7 Kc6 66. Ke6 Kb6 67. Bb5 Ka5 68. Kd5 Kb4 69. Kd6 Ka5 70. Kxc5 1/2-1/2


[Site "https://www.chess.com"]

[Event "Titled Tuesday Blitz July 20 2021"]
[White "Indjic, Aleksandar"]
[Black "Timmermans, Mark"]
[WhiteFideId "911925"]
[BlackFideId "1026399"]
[WhiteElo "2643"]
[BlackElo "2460"]
[Result "1-0"]
[Round "05"]
[TimeControl "180+1"]
[Date "2021.07.20"]
[WhiteClock "0:01:49"]
[BlackClock "0:00:58"]

1. d4 Nf6 2. c4 e6 3. Nc3 Bb4 4. Qc2 O-O 5. a3 Bxc3+ 6. Qxc3 b5 7. cxb5 c6 8. Bg5 cxb5 9. Nf3 Bb7 10. Nd2 Qb6 11. e3 Ne4 12. Nxe4 Bxe4 13. f3 Bb7 14. Bd3 Rc8 15. Qd2 h6 16. Bh4 Nc6 17. O-O b4 18. Bf2 a5 19. Rfc1 Ne7 20. e4 d5 21. Rc5 dxe4 22. fxe4 Rd8 23. Rac1 Ba6 24. Bxa6 Qxa6 25. axb4 axb4 26. Qxb4 Qd3 27. R5c3 Qxe4 28. Qxe7 Rxd4 29. Bxd4 Qxd4+ 30. Kh1 Ra7 31. Qc5 1-0


[Site "https://www.chess.com"]

[Event "Titled Tuesday Blitz July 20 2021"]
[White "Ivanov, Mike"]
[Black "Stojanovski, Sandi"]
[WhiteFideId "2613158"]
[BlackFideId "1403249"]
[WhiteElo "2197"]
[BlackElo "2374"]
[Result "1-0"]
[Round "05"]
[TimeControl "180+1"]
[Date "2021.07.21"]
[WhiteClock "0:00:07"]
[BlackClock "0:00:05"]

1. e4 Nf6 2. e5 Nd5 3. c4 Nb6 4. d4 d6 5. Nf3 Bg4 6. exd6 exd6 7. b3 Be7 8. Be3 O-O 9. Be2 Bf6 10. Nc3 Nc6 11. O-O Re8 12. Rc1 h6 13. h3 Bh5 14. d5 Ne7 15. g4 Bg6 16. Nd4 c6 17. dxc6 Nxc6 18. Nxc6 bxc6 19. Qd2 d5 20. cxd5 Nxd5 21. Nxd5 cxd5 22. Bf3 d4 23. Bxa8 Qxa8 24. Bxd4 Rd8 25. Rc4 Qf3 26. Qe3 Qxe3 27. Bxe3 Bd3 28. Rd1 Bxc4 29. Rxd8+ Bxd8 30. bxc4 a6 31. c5 Kf8 32. c6 Bc7 33. Bc5+ Ke8 34. Kg2 f5 35. gxf5 Kf7 36. Kf3 Kf6 37. Ke4 h5 38. f3 Bg3 39. Kd5 Kf7 40. Bd6 Bxd6 41. Kxd6 Ke8 42. c7 1-0


[Site "https://www.chess.com"]

[Event "Titled Tuesday Blitz July 20 2021"]
[White "Jarovinsky, Alexey"]
[Black "Sarana, Alexey"]
[WhiteFideId "14115131"]
[BlackFideId "24133795"]
[WhiteElo "2446"]
[BlackElo "2646"]
[Result "0-1"]
[Round "05"]
[TimeControl "180+1"]
[Date "2021.07.20"]
[WhiteClock "0:00:09"]
[BlackClock "0:01:24"]

1. Nc3 e5 2. Nf3 Nc6 3. d4 d6 4. dxe5 Nxe5 5. Nxe5 dxe5 6. Qxd8+ Kxd8 7. f4 Bb4 8. fxe5 Bxc3+ 9. bxc3 Ne7 10. Bg5 Be6 11. O-O-O Ke8 12. e3 Nd5 13. Bc4 Nxc3 14. Bxe6 Nxd1 15. Bd5 c6 16. Bb3 Nc3 17. Rf1 Rf8 18. Kb2 Ne4 19. Bh4 g5 20. Be1 Rd8 21. Bb4 c5 22. Ba3 b5 23. c3 Rd2+ 24. Kc1 Rxg2 25. Bc2 Nd2 26. Rf6 b4 27. cxb4 Nc4 28. Bb2 Rg1+ 0-1


[Site "https://www.chess.com"]

[Event "Titled Tuesday Blitz July 20 2021"]
[White "Kamsky, Gata"]
[Black "Krivonosov, Oleg"]
[WhiteFideId "2000024"]
[BlackFideId "11600349"]
[WhiteElo "2644"]
[BlackElo "2469"]
[Result "1/2-1/2"]
[Round "05"]
[TimeControl "180+1"]
[Date "2021.07.20"]
[WhiteClock "0:00:44"]
[BlackClock "0:01:26"]

1. e4 e5 2. Nf3 Nc6 3. Bb5 Nf6 4. O-O Nxe4 5. d4 Nd6 6. Bxc6 dxc6 7. dxe5 Nf5 8. Qxd8+ Kxd8 9. Rd1+ Ke8 10. Nc3 Be7 11. h3 h5 12. g3 Bd7 13. Bg5 Rd8 14. Kg2 Bc8 15. Rxd8+ Kxd8 16. Rd1+ Ke8 17. a3 f6 18. exf6 gxf6 19. Bf4 Bd6 20. Re1+ Kf7 21. Re4 Re8 22. Rxe8 Kxe8 23. Ne2 Kf7 24. g4 hxg4 25. hxg4 Ne7 26. Kg3 Ng6 27. Bxd6 cxd6 28. Nf4 Ne5 29. Nxe5+ dxe5 30. Ng2 f5 31. gxf5 Bxf5 32. Ne3 Ke6 33. Kf3 Bg6 34. b4 b6 35. Kg4 a5 36. c3 axb4 37. axb4 Bd3 38. Kg5 Be2 39. f4 exf4 40. Kxf4 Kd6 41. Ke4 c5 42. bxc5+ Kxc5 43. Ke5 b5 44. Ke4 Bc4 45. Ke5 Bg8 46. Ke4 Bh7+ 47. Ke5 b4 48. cxb4+ Kxb4 1/2-1/2


[Site "https://www.chess.com"]